 Dungeon Crawl Stone Soup version 0.15.2 (webtiles) character file.

827 MordorOrchid the Ruinous (level 7, -8/46 HPs)
             Began as an Octopode Conjurer on July 1, 2020.
             Mangled by Prince Ribbit (13 damage)
             ... on Level 4 of the Dungeon.
             The game lasted 00:16:53 (5941 turns).

MordorOrchid the Ruinous (Octopode Conjurer)        Turns: 5941, Time: 00:16:53

HP  -8/46        AC  1     Str  7      XL: 7   Next: 97%
MP  15/18        EV 13     Int 19      God:
Gold 247         SH  0     Dex 13      Spells:  5 memorised,  2 levels left

rFire  + . .     SeeInvis .     y - +2 dagger (venom)
rCold  . . .     Clarity  .     (no shield)
rNeg   . . .     rCorr    .     (helmet restricted)
rPois  .         rRot     .     (no amulet)
rElec  .         Spirit   .     E - ring of flight
SustAb .         Warding  .     K - ring of protection from fire
rMut   .         Stasis   .     (no ring)
Gourm  .                        (no ring)
MR     .....                    (no ring)
                                (no ring)
                                (no ring)
                                (no ring)

@: very slightly contaminated, not resistant to hostile enchantments, fairly
stealthy
A: almost no armour, amphibious, 8 rings, constrict 8, camouflage 1, gelatinous
body 1
a: Evoke Flight


You were on level 4 of the Dungeon.
You were not hungry.

You visited 2 branches of the dungeon, and saw 6 of its levels.

You collected 247 gold pieces.

Inventory:

Hand weapons
 a - a +4 quarterstaff of chaos
 m - a +0 hunting sling
 o - a +2 cutlass
 v - the +8 whip "Luxy" {slash, rPois, unknown}
   (You found it on level 4 of the Dungeon)

   It inflicts extra damage upon your enemies.
   It protects you from poison.
 w - a +0 dagger
 y - a +2 dagger of venom (weapon)
 z - a +3 whip
Missiles
 e - 19 poisoned needles
 g - 45 arrows
 i - 34 sling bullets
 n - 18 stones (quivered)
 D - 18 bolts
Magical devices
 u - a wand of magic darts (12)
 x - a wand of lightning (6) {unknown}
Comestibles
 b - 5 bread rations
 d - a slice of pizza
 f - a royal jelly
 p - 3 fruits
 A - 2 meat rations
 F - a chunk of bat flesh
 I - a rotting chunk of giant newt flesh
 J - 2 chunks of hobgoblin flesh
 L - 3 chunks of hobgoblin flesh
Scrolls
 h - a scroll of random uselessness {unknown}
 k - a scroll of teleportation
 l - a scroll of recharging
 q - a scroll of remove curse {unknown}
 s - a scroll of magic mapping
 G - a scroll of amnesia {unknown}
Jewellery
 t - an uncursed amulet of stasis
 E - a ring of flight (left tentacle)
 K - a ring of protection from fire (right tentacle)
Potions
 j - a potion of might
 r - a potion of mutation {unknown}
 B - 5 potions of curing
 C - a potion of poison {unknown}
 H - a potion of lignification {unknown}
Books
 c - a book of Conjurations

   Spells                             Type                      Level
   *Magic Dart                        Conjuration                  1
   *Searing Ray                       Conjuration                  2
   *Dazzling Spray                    Conjuration/Hexes            3
   *Fulminant Prism                   Conjuration/Hexes            4
   *Iskenderun's Mystic Blast         Conjuration                  4
   Iskenderun's Battlesphere          Conjuration/Charms           5


   Skills:
 - Level 3.0 Fighting
 * Level 3.5 Dodging
 - Level 3.1 Stealth
 * Level 5.3 Spellcasting
 + Level 5.6 Conjurations
 * Level 2.4 Hexes


You had 2 spell levels left.
You knew the following spells:

 Your Spells              Type           Power        Failure   Level  Hunger
a - Magic Dart            Conj           ####         1%          1    None
b - Searing Ray           Conj           ####..       1%          2    None
e - Dazzling Spray        Conj/Hex       ###.....     10%         3    ##.....
f - Iskenderun's Mystic   Conj           ####....     14%         4    ####...
J - Fulminant Prism       Conj/Hex       ###.......   28%         4    ####...


Dungeon Overview and Level Annotations

Branches:
Dungeon (5/15)             Temple (1/1) D:4

Altars:
Ashenzari
Cheibriados
Dithmenos
Elyvilon
Fedhas
Makhleb
Nemelex Xobeh
Okawaru
Qazlal
Xom
Zin
The Shining One

Annotations:
D:3 Terence
D:4 Prince Ribbit


Innate Abilities, Weirdness & Mutations

You cannot wear most types of armour.
You are amphibious.
You can wear up to eight rings at the same time.
You can use your tentacles to constrict many enemies at once.
Your skin changes colour to match your surroundings (Stealth).
Your rubbery body absorbs attacks (AC +1).


Message History

Prince Ribbit comes into view.
Prince Ribbit gives a loud, deep croak!
Prince Ribbit hits you.
There is a stone staircase leading up here.
Prince Ribbit hits you!
You climb upwards.
There is a stone staircase leading down here.
Casting: Magic Dart
Confirm with . or Enter, or press ? or * to list all spells.
Aiming: Searing Ray
Press: ? - help, Shift-Dir - straight line, f - Prince Ribbit
Aim: Prince Ribbit The searing ray misses Prince Ribbit.
Prince Ribbit hits you!! Prince Ribbit hits you!
* * * LOW HITPOINT WARNING * * *
The searing ray hits Prince Ribbit.
Prince Ribbit is lightly wounded.
Prince Ribbit sighs, "It's not easy being green!"
Prince Ribbit hits you!
You die...

####.....# #...####...## #
###...# ##...# #....# ##...##
#...## ##...## # #.....####...#
#....# # ##......##....# #....##
### ##........#...## #.....###..
###......#......## ##.....#....
#......####......### #..........#
.....### ##..#..@..###........###
....## #...###.F...........##
....# ##..## ###.[........##
...## #...######..........### *
...# ##.....................###
..## ##...................).....
..# ##..........................
..####....................##.....
...##....................####....


You could see Prince Ribbit.

Vanquished Creatures
  The ghost of MordorOrchid the Sneak, an experienced OpHe of Elyvilon (D:4)
  Sigmund (D:3)
  An ogre (D:4)
  A scorpion (D:4)
  An orc priest (D:3)
  Crazy Yiuf (D:3)
  3 orc wizards
  An iguana (D:3)
  Jessica (D:3)
  6 adders
  2 gnolls (D:2)
  5 worms
  An orc skeleton (D:4)
  3 giant geckos
  8 orcs
  4 giant cockroaches
  5 goblins
  8 hobgoblins
  10 jackals
  A quokka (D:3)
  2 ball pythons
  9 bats
  3 giant newts
  11 kobolds
  8 rats
97 creatures vanquished.

Notes
Turn   | Place    | Note
--------------------------------------------------------------
     0 | D:1      | MordorOrchid, the Octopode Conjurer, began the quest for the Orb.
     0 | D:1      | Reached XP level 1. HP: 11/11 MP: 3/3
   433 | D:1      | Reached XP level 2. HP: 17/17 MP: 0/4
   479 | D:1      | Learned a level 2 spell: Searing Ray
  1306 | D:2      | Reached XP level 3. HP: 22/22 MP: 1/6
  1311 | D:2      | Learned a level 3 spell: Dazzling Spray
  1448 | D:2      | Reached skill level 1 in Fighting
  1882 | D:2      | Reached XP level 4. HP: 28/28 MP: 2/8
  2746 | D:3      | Reached XP level 5. HP: 32/34 MP: 7/11
  2807 | D:3      | Noticed Crazy Yiuf
  2816 | D:3      | Killed Crazy Yiuf
  3071 | D:3      | Noticed Sigmund
  3071 | D:3      | Noticed Jessica
  3082 | D:3      | Killed Sigmund
  3082 | D:3      | Reached skill level 1 in Hexes
  3082 | D:3      | Reached XP level 6. HP: 4/39 MP: 2/13
  3357 | D:3      | Learned a level 4 spell: Fulminant Prism
  3381 | D:3      | Reached skill level 5 in Conjurations
  3758 | D:3      | Killed Jessica
  4078 | D:3      | Found a shattered altar of Ashenzari.
  4130 | D:3      | Found a snail-covered altar of Cheibriados.
  4149 | D:3      | Noticed Terence
  4602 | D:4      | Noticed MordorOrchid's ghost (experienced OpHe)
  4615 | D:4      | Killed MordorOrchid's ghost
  4615 | D:4      | Reached XP level 7. HP: 40/45 MP: 5/18
  5068 | D:4      | Reached skill level 5 in Spellcasting
  5129 | D:4      | Found a stormy altar of Qazlal.
  5596 | D:4      | Found a staircase to the Ecumenical Temple.
  5602 | Temple   | Entered the Ecumenical Temple
  5772 | D:4      | Got a twisted whip
  5853 | D:4      | Learned a level 4 spell: Iskenderun's Mystic Blast
  5927 | D:5      | Entered Level 5 of the Dungeon
  5929 | D:5      | Found a glowing golden altar of the Shining One.
  5931 | D:5      | Noticed Prince Ribbit
  5941 | D:4      | Mangled by Prince Ribbit

Action                   |  1- 3 |  4- 6 |  7- 9 || total
-------------------------+-------+-------+-------++-------
Melee: Cutlass           |     2 |    26 |       ||    28
       Dagger            |       |     3 |     7 ||    10
 Cast: Magic Dart        |    50 |    75 |    38 ||   163
       Searing Ray       |     4 |    20 |     6 ||    30
  Use: Scroll            |     2 |     4 |     3 ||     9
 Stab: Sleeping          |     1 |     2 |       ||     3
  Eat: Chunk             |     3 |     9 |     4 ||    16
